cohdb
Replays
Latest Replays
All Replays
Popular Replays
Top Player Replays
Match Explorer
How It Works
Community
CoH3 Stats
Reddit
Sign in to upload your games and track your stats! →
Sign in with Steam
Match 41028442
Unlisted
Match 41028442
Overview
Messages
Build Orders
End
Panzerpioneer Squad
Selects Italian Combined Arms Battlegroup
Selects Bersaglieri Squad
Bersaglieri Squad
Bersaglieri Squad
Construct Light Support Kompanie
2.5-tonne Medical Truck
Selects Bersaglieri Bolster
Bersaglieri Squad
Panzerjäger Squad
Bersaglieri Squad
Panzerjäger Squad
Selects Breda Model 30 Light Machine Guns
Panzerpioneer Squad
Fire Support Elements
Selects Semovente da 75/18 Assault Gun
Construct Panzerarmee Kommand
Selects Strafing Run
Selects Artillery Cover
Armored Reserves
Artillery Cover
Tiger Heavy Tank
Rapid Advance
Strafing Run
maximedesimon
Dislocated Medic
Gooseman69
Bran
DrewP
Dillbro
0
0
Comments
sign in to comment!
No comments posted yet!